 Dungeon Crawl Stone Soup version 0.23.2 (webtiles) character file.

Game seed: 3440971214786580725

4671 Kairos the Spear-Bearer (level 10, -4/79 HPs)
             Began as a Vine Stalker Abyssal Knight on Apr 11, 2019.
             Was a High Priest of Lugonu.
             Slain by Harold
             ... wielding a +0 glaive
              (8 damage)
             ... on level 9 of the Dungeon on Apr 12, 2019.
             The game lasted 00:14:01 (7551 turns).

Kairos the Spear-Bearer (VSAK)                      Turns: 7551, Time: 00:14:02

Health: -4/79      AC: 25    Str: 18    XL:     10   Next: 44%
Magic:  0/21       EV:  2    Int: 17    God:    Lugonu [*****.]
Gold:   562        SH:  0    Dex: 19    Spells: 9/9 levels left

rFire    . . .     SeeInvis .   d - +0 demon trident (freeze)
rCold    . . .     Gourm    .   w - +0 shield
rNeg     + + +     Faith    .   (armour currently unavailable)
rPois    +         Spirit   +   (helmet currently unavailable)
rElec    .         Reflect  +   (cloak currently unavailable)
rCorr    .         Harm     .   (gloves currently unavailable)
MR       ++...     NoTele   +   (boots currently unavailable)
Stlth    ++++......             j - +5 amulet of reflection
HPRegen  0.63/turn              n - ring of Morality {*Corrode MR+ MP+9 Stlth+}
MPRegen  0.17/turn              (no ring)

@: brilliant, agile, tree-form, marked, held
A: regeneration 1, magic shield, no potion heal 3, rot immunity
a: Depart the Abyss, Bend Space, Banish, Corrupt, Enter the Abyss, Renounce
Religion


You were on level 9 of the Dungeon.
You worshipped Lugonu.
Lugonu was extremely pleased with you.
You were hungry.
You were a tree.
You visited 1 branch of the dungeon, and saw 9 of its levels.
You visited the Abyss 1 time.

You collected 562 gold pieces.

Inventory:

Hand Weapons
 a - a +1 spear
 d - a +0 demon trident of freezing (weapon)
Armour
 g - a +0 cloak (melded)
 m - a +1 scale mail
 v - a +1 plate armour (melded)
 w - a +0 shield (worn)
 C - a +0 pair of boots (melded)
Jewellery
 j - a +5 amulet of reflection (around neck)
 n - the ring of Morality (left branch) {*Corrode MR+ MP+9 Stlth+}
   (You found it on level 4 of the Dungeon)

   [ring of protection from magic]

   It affects your resistance to hostile enchantments.
   It affects your magic capacity (+9).
   It may corrode you when you take damage.
   It makes you more stealthy.
 A - an uncursed amulet of the gourmand
Wands
 e - a wand of paralysis (6)
 s - a wand of random effects (18)
 t - a wand of iceblast (29)
 x - a wand of flame (55)
 F - a wand of disintegration (13)
Scrolls
 b - a scroll of blinking {unknown}
 i - 5 scrolls of teleportation {unknown}
 l - 4 scrolls of immolation {unknown}
 p - 2 scrolls of magic mapping
 r - a scroll of enchant weapon {unknown}
 u - 3 scrolls of random uselessness {unknown}
 y - 5 scrolls of remove curse
 D - a scroll of vulnerability {unknown}
 H - a scroll of torment {unknown}
 I - a scroll of identify
Potions
 f - 7 potions of curing
 h - 2 potions of heal wounds
 k - 4 potions of invisibility {unknown}
 o - 3 potions of flight {unknown}
 q - a potion of mutation {unknown}
 z - 4 potions of lignification
 E - a potion of brilliance
 G - a potion of magic {unknown}
Comestibles
 c - 14 rations


   Skills:
 + Level 6.9 Fighting
 + Level 9.7 Polearms
 + Level 5.2 Armour
 + Level 2.0 Dodging
 + Level 1.5 Stealth
 + Level 3.8 Shields
 + Level 2.1 Invocations
 + Level 1.0 Evocations


You had 9 spell levels left.
You didn't know any spells.
Your spell library was empty.

Dungeon Overview and Level Annotations

Branches:
Dungeon (9/15)             Temple (0/1) D:5            Lair (0/6) D:8
    Orc: D:9-12

Altars:
Ashenzari
Elyvilon
Gozag
Hepliaklqana
Kikubaaqudgha
Nemelex Xobeh
Trog
Vehumet
Xom
Zin

Shops:
D:6 [

Annotations:
D:9 Harold


Innate Abilities, Weirdness & Mutations

((You have razor-sharp teeth.))
Your natural rate of healing is unusually fast.
When hurt, damage is shared between your health and your magic reserves.
((Your bite disrupts and absorbs the magic of your enemies.))
Potions cannot restore your health.
You are immune to rotting.


Message History

Press: ? - help, Shift-Dir - straight line The bolt of acid hits Harold.
Harold is severely wounded.
Harold points at you and mumbles some strange words.
The harpoon shot hits you but does no damage.
Evoke which item? (* to show all) (? for menu, Esc to quit)
That's the wrong kind of item! (Use * to select it.) Evoke which item? (* to show all) (? for menu, Esc to quit)
You don't have any such object.
Evoke which item? (* to show all) (? for menu, Esc to quit)
Okay, then.
Unknown command.
Evoke which item? (* to show all) (? for menu, Esc to quit)
Aiming: Corrosive Bolt
Press: ? - help, Shift-Dir - straight line The bolt of acid hits Harold.
Harold is severely wounded.
The now-empty wand crumbles to dust.
Harold hits you from afar with a +0 glaive!
You die...

#..# #..
#.. #..
#.# #.#
#.# #♣#
#.# #@#
#)# #.#
#.# #.#
.######.#
........#


You could see Harold.

Vanquished Creatures
  Pikel (D:4)
  Prince Ribbit (D:6)
  Menkaure (D:7)
  2 wargs
  Duvessa (D:7)
  A water moccasin (D:7)
  A black bear (D:8)
  3 orc warriors
  A sky beast (D:5)
  2 slaves (D:4)
  A necrophage (D:8)
  A phantom (D:6)
  An ice beast (D:5)
  6 ogres
  A centaur (D:7)
  A big kobold (D:7)
  5 bullfrogs
  Dowan (D:7)
  A scorpion (D:6)
  3 howler monkeys
  3 wights (D:8)
  4 crimson imps
  3 jellies
  A centaur skeleton (D:5)
  5 hounds
  4 orc priests
  2 bullfrog skeletons
  Jessica (D:3)
  An iguana (D:5)
  12 orc wizards
  3 worker ants
  A hound zombie (D:7)
  3 gnolls (D:4)
  14 adders
  A shadow imp (D:8)
  2 oozes (D:3)
  2 adder skeletons
  3 worms
  A dart slug (D:2)
  5 leopard geckos
  31 orcs
  2 ball pythons
  7 bats
  5 giant cockroaches
  10 goblins
  5 hobgoblins
  5 jackals
  18 kobolds
  2 quokkas (D:6)
  5 frilled lizards
  A giant cockroach zombie (D:5)
  A jackal skeleton (D:4)
  A quokka skeleton (D:4)
  6 rats
205 creatures vanquished.

Vanquished Creatures (others)
  A centaur (D:8)
  4 toadstools (D:3)
5 creatures vanquished.

Grand Total: 210 creatures vanquished

Notes
Turn   | Place    | Note
-------+----------+-------------------------------------------
     0 | Abyss:1  | Kairos the Vine Stalker Abyssal Knight began the quest for
                  | the Orb.
     0 | Abyss:1  | Reached XP level 1. HP: 11/11 MP: 3/3
    46 | Abyss:2  | Noticed a large abomination
    48 | D:1      | Escaped the Abyss
   146 | D:1      | Reached XP level 2. HP: 16/16 MP: 4/4
   149 | D:1      | Reached skill level 2 in Polearms
   181 | D:1      | Reached * piety under Lugonu
   730 | D:2      | Reached XP level 3. HP: 20/20 MP: 5/5
   907 | D:2      | Gained mutation: Your natural rate of healing is unusually
                  | fast. [Vine Stalker growth]
   907 | D:2      | Reached XP level 4. HP: 14/24 MP: 2/6
  1056 | D:2      | Found a sparkling altar of Nemelex Xobeh.
  1056 | D:2      | Found a bloodstained altar of Trog.
  1060 | D:2      | Found a shattered altar of Ashenzari.
  1060 | D:2      | Found a radiant altar of Vehumet.
  1228 | D:2      | Reached skill level 3 in Polearms
  1338 | D:3      | Found a faded altar of an unknown god.
  1365 | D:3      | Reached XP level 5. HP: 28/28 MP: 7/7
  1509 | D:3      | Noticed Jessica
  1514 | D:3      | Killed Jessica
  1527 | D:3      | Found a glowing silver altar of Zin.
  1527 | D:3      | Noticed an angel
  1594 | D:3      | Reached skill level 4 in Polearms
  1685 | D:3      | Reached ** piety under Lugonu
  1685 | D:3      | Reached skill level 1 in Dodging
  1690 | D:3      | Reached XP level 6. HP: 23/33 MP: 8/8
  2523 | D:4      | Reached XP level 7. HP: 28/38 MP: 4/9
  2599 | D:4      | Found a white marble altar of Elyvilon.
  2662 | D:4      | Got a fine silver ring
  2800 | D:4      | Noticed Pikel
  2824 | D:4      | Killed Pikel
  2824 | D:4      | Reached skill level 5 in Fighting
  2824 | D:4      | Reached skill level 5 in Polearms
  2824 | D:4      | Reached skill level 1 in Stealth
  2824 | D:4      | Gained mutation: You have razor-sharp teeth. [Vine Stalker
                  | growth]
  2824 | D:4      | Reached XP level 8. HP: 15/43 MP: 5/10
  3193 | D:4      | Reached skill level 6 in Polearms
  3550 | D:5      | Entered Level 5 of the Dungeon
  3568 | D:5      | Found a staircase to the Ecumenical Temple.
  3574 | D:5      | Reached *** piety under Lugonu
  3827 | D:5      | Identified the ring of Morality {*Corrode MR+ MP+9 Stlth+}
                  | (You found it on level 4 of the Dungeon)
  4329 | D:6      | Reached skill level 7 in Polearms
  4726 | D:6      | Found an ancient bone altar of Kikubaaqudgha.
  4739 | D:6      | Reached XP level 9. HP: 48/48 MP: 11/11
  4780 | D:6      | Noticed Prince Ribbit
  4792 | D:6      | Killed Prince Ribbit
  4949 | D:6      | Found Waeph's Armour Shoppe.
  5142 | D:6      | Reached **** piety under Lugonu
  5331 | D:6      | Reached skill level 8 in Polearms
  5617 | D:7      | Noticed Menkaure
  5664 | D:7      | Reached skill level 1 in Shields
  5669 | D:7      | Killed Menkaure
  6071 | D:7      | Noticed Dowan
  6072 | D:7      | Noticed Duvessa
  6087 | D:7      | Killed Duvessa
  6094 | D:7      | Killed Dowan
  6191 | D:7      | Found a hazy altar of Hepliaklqana.
  6243 | D:7      | Reached skill level 9 in Polearms
  6308 | D:7      | Reached XP level 10. HP: 53/53 MP: 12/12
  6687 | D:8      | Reached skill level 1 in Evocations
  6709 | D:8      | Found an opulent altar of Gozag.
  6773 | D:8      | Found a shimmering altar of Xom.
  6952 | D:8      | Found a staircase to the Lair.
  7012 | D:7      | Reached skill level 5 in Armour
  7526 | D:9      | Reached ***** piety under Lugonu
  7529 | D:9      | Noticed Harold
  7542 | D:9      | HP: 3/79 [Harold/+0 glaive (8)]
  7547 | D:9      | HP: 2/79 [Harold/harpoon shot (3)]
  7551 | D:9      | Slain by Harold

Skill      XL: |  1  2  3  4  5  6  7  8  9 10 |
---------------+-------------------------------+-----
Fighting       | 3 4 5 6 |  6.9
Polearms       | 2 3 4 5 7 9 |  9.7
Invocations    | 2 |  2.1
Dodging        | 1 2 |  2.0
Armour         | 2 3 4 5 |  5.2
Stealth        | 1 |  1.5
Shields        | 2 3 |  3.8
Evocations     | 1 |  1.0

Action                   |  1- 3 |  4- 6 |  7- 9 | 10-12 || total
-------------------------+-------+-------+-------+-------++-------
Melee: Demon trident     |    76 |   133 |   323 |   156 ||   688
       Bite              |     8 |    22 |    70 |    37 ||   137
Invok: Depart the Abyss  |     1 |       |       |       ||     1
       Bend Space        |       |       |       |     1 ||     1
Evoke: Wand              |       |       |     7 |     5 ||    12
  Use: Scroll            |       |     6 |     2 |       ||     8
       Potion            |       |       |       |     4 ||     4
 Stab: Sleeping          |     2 |       |       |       ||     2
  Eat: Chunk             |       |     5 |    13 |     3 ||    21
Armor: Leather armour    |     8 |       |       |       ||     8
       Ring mail         |     6 |       |       |       ||     6
       Scale mail        |    13 |    38 |    36 |       ||    87
       Plate armour      |       |       |    69 |    62 ||   131
       Skin              |       |       |       |     6 ||     6
Dodge: Dodged            |    20 |    47 |    63 |    13 ||   143
Block: Shield            |       |       |    92 |    93 ||   185
       Buckler           |       |       |     1 |       ||     1
       Reflection        |       |       |     6 |     8 ||    14
